 Dungeon Crawl Stone Soup version 0.25-a0-667-gb977e01cb5 (webtiles) character file.

Game seed: 8028951889372769594, levelgen mode: deterministic

4 Esekla the Magician (level 1, 0/15 HPs)
             Began as a Naga Wizard on Mar 27, 2020.
             Slain by an ooze (4 damage)
             ... on level 1 of the Dungeon.
             The game lasted 00:01:58 (92 turns).

Esekla the Magician (Naga Wizard)                     Turns: 92, Time: 00:01:58

Health: 0/15       AC:  1    Str:  9    XL:     1   Next: 70%
Magic:  0/4        EV: 10    Int: 18    God:
Gold:   26         SH:  0    Dex:  9    Spells: 5/6 levels left

rFire    . . .     SeeInvis +   e - +0 dagger
rCold    . . .     Gourm    .   (no shield)
rNeg     . . .     Faith    .   a - +0 robe
rPois    +         Spirit   .   b - +0 hat
rElec    .         Reflect  .   (no cloak)
rCorr    .         Harm     .   (no gloves)
MR       .....                  (no barding)
Stlth    ++........             (no amulet)
HPRegen  0.05/turn              (no ring)
MPRegen  0.09/turn              (no ring)

@: very slow
A: large, see invisible, deformed body, poison resistance, slowness 2, slow
metabolism 1, spit poison 1, AC +0
a: Spit Poison


You were on level 1 of the Dungeon.
You were not hungry.

You visited 1 branch of the dungeon, and saw 1 of its levels.

You collected 26 gold pieces.

Inventory:

Hand Weapons
 e - a +0 dagger (weapon)
Armour
 a - a +0 robe (worn)
 b - a +0 hat (worn)
Jewellery
 h - an uncursed ring of fire {unknown}
Scrolls
 g - a scroll of blinking {unknown}
Potions
 f - a potion of might {unknown}
Comestibles
 c - 4 chunks of flesh
 d - a ration


   Skills:
 + Level 1.5 Dodging
 + Level 3.0 Stealth
 + Level 3.2 Spellcasting
 + Level 1.0 Conjurations
   Level 1.0 Summonings
   Level 1.0 Translocations


You had 5 spell levels left.
You knew the following spells:

 Your Spells              Type           Power        Failure   Level  Hunger
a - Magic Dart            Conj           #...         11%         1    None

Your spell library contained the following spells:

 Spells                   Type           Power        Failure   Level  Hunger
 Blink                    Tloc           N/A          16%         2    ##.....
 Call Imp                 Summ           #.......     16%         2    ##.....
 Slow                     Hex            #.......     24%         2    ##.....
 Conjure Flame            Conj/Fire      #.......     36%         3    ###....
 Mephitic Cloud           Conj/Pois/Air  #.......     38%         3    ###....


Dungeon Overview and Level Annotations

Branches:
Dungeon (1/15)

Altars:


Innate Abilities, Weirdness & Mutations

You cannot wear boots.
Your serpentine skin is tough. (AC +0)
You have supernaturally acute eyesight. (SInv)
Armour fits poorly on your strangely shaped body.
Your system is resistant to poisons. (rPois)
You cover ground very slowly.
You have a slow metabolism.
You can spit poison.


Message History

Confirm with . or Enter, or press ? or * to list all spells.
Aiming: Magic Dart (safe; 11% risk of failure)
Press: ? - help, Shift-Dir - straight line, f/p - ooze
Aim: an ooze (heavily wounded)
The magic dart hits the ooze.
The ooze is heavily wounded.
The ooze hits you.
* * * LOW HITPOINT WARNING * * *
Casting: Magic Dart (safe; 11% risk of failure)
Confirm with . or Enter, or press ? or * to list all spells.
Aiming: Magic Dart (safe; 11% risk of failure)
Press: ? - help, Shift-Dir - straight line, f/p - ooze
Aim: an ooze (heavily wounded)
The magic dart hits the ooze.
The ooze is severely wounded.
The ooze hits you but does no damage.
You hit the ooze.
The ooze is almost dead.
The ooze hits you.
You die...

........##.......g...
######..##...........
#..##...........
#####.)##...........
#......##...........
.'...................
##....######.#'######
.'.... #J#.# .#....
#@#.# .'.... #.#.#
.#... #.#.# #.# #.#.#
#.# #.# #.# #.#


You could see an ooze.

Vanquished Creatures
  A goblin (D:1)
  2 hobgoblins (D:1)
  A kobold (D:1)
4 creatures vanquished.

Notes
Turn   | Place    | Note
-------+----------+-------------------------------------------
     0 | D:1      | Esekla the Naga Wizard began the quest for the Orb.
     0 | D:1      | Reached XP level 1. HP: 15/15 MP: 4/4
    92 | D:1      | Slain by an ooze

Levels and vault maps discovered:
D:1:      dpeg_arrival_rooms_with_view, layout_basic

Action                   || total
-------------------------++-------
Melee: Dagger            ||     3
       Unarmed           ||     3
 Cast: Magic Dart        ||     9
 Abil: Spit Poison       ||     3
Armor: Robe              ||     1
Dodge: Dodged            ||     8

Table legend:
 A = Non-vault XP
 B = Vault XP
 C = Vault XP percentage of total XP
 D = Non-vault monster count
 E = Vault monster count
 F = Vault count percentage of total count
                 A         B        C        D         E       F
            +---------+---------+-------+---------+---------+-------
      Total |       7 |       0 |   0.0 |       4 |       0 |   0.0
            +---------+---------+-------+---------+---------+-------
        D:1 |       7 |       0 |   0.0 |       4 |       0 |   0.0
            +---------+---------+-------+---------+---------+-------
